 Dungeon Crawl Stone Soup version bcrawl-1.37.2 (webtiles) character file.

Game seed: 17014843055285773819

130112 Mehrunes the Sneak (level 5, 0/42 HPs)
             Began as a Naga Wizard on Oct 24, 2022.
             Slain by a worker ant (4 damage)
             ... on level 2 of the Dungeon.
             The game lasted 00:10:27 (2517 turns).

Mehrunes the Sneak (Naga Wizard)                    Turns: 2517, Time: 00:10:28

Health: 0/42       AC:  6    Str: 10    XL:     5   Next: 13%
Magic:  0/9        EV:  9    Int: 18    God:
Gold:   101        SH:  0    Dex: 10    Spells: 1/10 levels left

rFire    . . .     GDR:     22% g - +0 short sword
rCold    + . .     SeeInvis +   (no shield)
rNeg     . . .     Gourm    .   h - +3 leather armour
rPois    +         Faith    .   c - +0 hat
rElec    .         Spirit   .   (no cloak)
rCorr    .         Reflect  .   (no gloves)
MR       .....                  (no barding)
Stlth    +++.......             (no amulet)
HPRegen  0.17/turn              i - ring of protection from cold
MPRegen  0.11/turn              (no ring)

@: very slightly contaminated, very slow
A: large, tail, swims, see invisible, deformed body, poison resistance, slowness
2, slow metabolism 1, spit poison 1, AC +1
a: Spit Poison


You were on level 2 of the Dungeon.
You were hungry.

You visited 1 branch of the dungeon, and saw 3 of its levels.

You collected 101 gold pieces.

Inventory:

Hand Weapons
 a - a +0 staff
 g - a +0 short sword (weapon)
Armour
 b - a +0 robe
 c - a +0 hat (worn)
 h - a +3 leather armour (worn)
 l - a +0 large shield
Jewellery
 i - a ring of protection from cold (left hand)
Scrolls
 d - a scroll of enchant armour {unknown}
 j - a scroll of remove curse {unknown}
 k - 2 scrolls of immolation {unknown}
 m - a scroll of fear {unknown}
 n - a scroll of fog {unknown}
 q - a scroll of teleportation {unknown}
Potions
 f - a potion of brilliance
 o - a potion of magic {unknown}
Comestibles
 e - 5 rations {!d}
 p - 8 chunks of flesh


   Skills:
 - Level 1.5 Dodging
 + Level 6.2 Stealth
 - Level 3.0 Spellcasting
 - Level 1.6 Conjurations
 + Level 3.0 Summonings
   Level 1.0 Translocations


You had one spell level left.
You knew the following spells:

 Your Spells              Type           Power        Failure   Level  Hunger
a - Magic Dart            Conj           #...         12%         1    None
b - Call Imp              Summ           ##....       10%         2    #......
c - Spider Form           Tmut/Pois      #..          54%         3    ####...
d - Mephitic Cloud        Conj/Pois/Air  #.......     47%         3    ####...

Your spell library contained the following spells:

 Spells                   Type           Power        Failure   Level  Hunger
 Blink                    Tloc           N/A          22%         2    #......
 Conjure Flame            Conj/Fire      #.......     43%         3    ####...


Dungeon Overview and Level Annotations

Branches:
Dungeon (3/12)

Altars:
Qazlal

Annotations:
D:2 Sigmund
D:3 Exe's ghost, amateur MiAc


Innate Abilities, Weirdness & Mutations

You cannot wear boots.
You can swim through water.
Your serpentine skin is tough. (AC +1)
You have supernaturally acute eyesight. (SInv)
Armour fits poorly on your strangely shaped body.
Your system is resistant to poisons. (rPois)
You cover ground very slowly.
You have a slow metabolism.
You can spit poison.


Message History

Your crimson imp says, "I commit to your service, O illustrious and awesome voivode!"
The worker ant bites you but does no damage.
Casting: Call Imp (safe; 10% risk of failure)
Confirm with . or Enter, or press ? or * to list all spells.
Aiming: Magic Dart (safe; 12% risk of failure)
Press: ? - help, Shift-Dir - straight line, f - worker ant
Aim: a worker ant (lightly wounded)
The magic dart hits the worker ant but does no damage.
The worker ant is lightly wounded.
The worker ant bites you but does no damage.
Your crimson imp closely misses the worker ant.
You hit the worker ant.
The worker ant is lightly wounded.
The worker ant bites you.
* * * LOW HITPOINT WARNING * * *
Your crimson imp hits the worker ant but does no damage.
You hit the worker ant.
The worker ant is moderately wounded.
The worker ant bites you.
You die...

..................))#.#.#....[...
..........###.###.........#.####.
..#...........# #.....#.#.#.#....
.......##...#.###.....#.#.#.#.##.
).#.......#...........#.#.#.#.###
..#..####.#.............#.#.#.#
...................#.##.#.#.#.#
#.##..###...............#.#.#.#
......## #....5@...........#.#
........ ......a......#.#.#.#.#
..#..#.####.###....#......#.#.#
..#..#.####.###..###.##.#.#.#.#
.##..#.#......#...........#.#.#
.##..#.#......#..###.##.###.#.#
.##(.#.#^..........>........#.###
..).........####.###......#......
.5<.....................#.#.#.###


You could see a worker ant and a friendly crimson imp.

Vanquished Creatures
  A gnoll (D:2)
  An orc (D:3)
  A giant cockroach (D:1)
  2 goblins
  3 hobgoblins
  3 jackals
  A ball python (D:2)
  A bat (D:1)
  2 frilled lizards (D:1)
  4 kobolds (D:1)
19 creatures vanquished.

Vanquished Creatures (collateral kills)
  3 adders
  2 gnolls (D:2)
  3 worms
  A dart slug (D:3)
  2 leopard geckos
  4 orcs
  2 giant cockroaches
  2 goblins
  6 hobgoblins
  3 jackals
  3 kobolds
  3 bats
  3 rats
37 creatures vanquished.

Grand Total: 56 creatures vanquished

Notes
Turn   | Place    | Note
-------+----------+-------------------------------------------
     0 | D:1      | Mehrunes the Naga Wizard began the quest for the Orb.
     0 | D:1      | Reached XP level 1. HP: 15/15 MP: 4/4
   145 | D:1      | Reached XP level 2. HP: 16/22 MP: 0/6
   194 | D:1      | Reached skill level 4 in Stealth
   226 | D:1      | Learned a level 2 spell: Call Imp
   878 | D:1      | Reached XP level 3. HP: 28/28 MP: 3/7
   905 | D:1      | Learned a level 3 spell: Spider Form
  1533 | D:2      | Reached skill level 5 in Stealth
  1619 | D:2      | Reached XP level 4. HP: 26/36 MP: 1/8
  1909 | D:2      | Noticed Sigmund
  2280 | D:3      | Reached skill level 6 in Stealth
  2306 | D:3      | Reached XP level 5. HP: 42/42 MP: 4/9
  2382 | D:3      | Found a stormy altar of Qazlal.
  2430 | D:3      | Learned a level 3 spell: Mephitic Cloud
  2472 | D:3      | Noticed Exe's ghost (amateur MiAc)
  2517 | D:2      | Slain by a worker ant

Skill      XL: |  1  2  3  4  5 |
---------------+----------------+-----
Stealth        | 4 5 6 |  6.2
Summonings     | 2 3 |  3.0
Dodging        | |  1.5
Spellcasting   | |  3.0
Conjurations   | |  1.6
Translocations | |  1.0

Action                   |  1- 3 |  4- 6 || total
-------------------------+-------+-------++-------
Melee: Short sword       |    31 |    15 ||    46
 Cast: Magic Dart        |    30 |     6 ||    36
       Call Imp          |    37 |    35 ||    72
 Abil: Spit Poison       |     4 |     3 ||     7
  Use: Potion            |     1 |       ||     1
 Stab: Sleeping          |     1 |       ||     1
  Eat: Chunk             |     4 |     4 ||     8
Armor: Robe              |     9 |     1 ||    10
       Leather armour    |       |    13 ||    13
Dodge: Dodged            |    31 |    22 ||    53
